 Dungeon Crawl Stone Soup version 0.29.1-1-gd02db6906a (webtiles) character file.

Game seed: 9235689089691511745

862 LustLizard the Slasher (level 7, -8/54 HPs)
             Began as a Demonspawn Fighter on Oct 5, 2022.
             Mangled by Menkaure (21 damage)
             ... on level 4 of the Dungeon.
             The game lasted 00:10:02 (6556 turns).

LustLizard the Slasher (Demonspawn Fighter)         Turns: 6556, Time: 00:10:03

Health: -8/54      AC:  8    Str: 16    XL:     7   Next: 72%
Magic:  7/7        EV:  9    Int: 10    God:
Gold:   133        SH:  5    Dex: 14    Spells: 6/6 levels left

rFire   . . .      SeeInvis .   a - +0 long sword
rCold   . . .      Faith    .   c - +0 buckler
rNeg    . . .      Spirit   .   b - +0 scale mail
rPois   .          Reflect  .   (helmet restricted)
rElec   .          Harm     .   (no cloak)
rCorr   .          Rampage  .   h - +0 pair of gloves
Will    .....                   (no boots)
Stlth   ..........              (no amulet)
HPRegen 0.18/turn               (no ring)
MPRegen 0.10/turn               (no ring)

@: no status effects
A: antennae 2, demonic guardian 1
a: no special abilities


You were on level 4 of the Dungeon.
You visited 1 branch of the dungeon, and saw 4 of its levels.
You also visited: Sewer.

You collected 133 gold pieces.

Inventory:

Hand Weapons
 a - a +0 long sword (weapon)
 v - a +0 dagger
Missiles
 l - 33 poisoned darts (quivered)
 u - 26 stones
 A - 6 atropa-tipped darts
Armour
 b - a +0 scale mail (worn)
 c - a +0 buckler (worn)
 e - a +0 helmet
 h - a +0 pair of gloves (worn)
Jewellery
 j - a ring of poison resistance
Wands
 k - a wand of iceblast (12)
Scrolls
 f - 2 scrolls of teleportation
 i - a scroll of acquirement {unknown}
 o - 2 scrolls of fear
 q - a scroll of amnesia {unknown}
 t - a scroll of vulnerability
 x - a scroll of brand weapon {unknown}
 y - a scroll of noise {unknown}
Potions
 d - a potion of might
 g - a potion of mutation {unknown}
 m - 3 potions of curing {unknown}
 p - 4 potions of heal wounds
 r - a potion of attraction {unknown}
 s - 2 potions of flight {unknown}
 w - 2 potions of haste {unknown}
 z - 4 potions of degeneration
 B - 2 potions of brilliance {unknown}


   Skills:
 + Level 4.3 Fighting
 * Level 4.5 Long Blades
 * Level 3.3 Throwing
 + Level 3.9 Armour
 + Level 2.3 Dodging
 + Level 4.0 Shields


You had 6 spell levels left.
You didn't know any spells.
Your spell library was empty.

Dungeon Overview and Level Annotations

Branches:
Dungeon (4/15)              Sewer (visited)
 Temple: D:4-7

Altars:

Annotations:
D:4 Menkaure


Innate Abilities, Weirdness & Mutations

You have a pair of antennae on your head.
A weak demonic guardian rushes to your aid.


Message History

Things that are here:
a +0 club; a goblin corpse
Found 8 gold pieces.
Found 10 gold pieces.
Found a quarterstaff.
Your iguana dissolves into shadows!
Found 4 gold pieces.
Your hobgoblin dissolves into shadows!
Found 2 fizzy brown potions.
Your hound dissolves into shadows!
You now have 133 gold pieces (gained 4).
Your scorpion dissolves into shadows!
B - 2 fizzy brown potions
As you read the scroll labelled KUWNEUDOGU, it crumbles to dust.
It is a scroll of identify.
p - 4 potions of heal wounds
As you read the scroll of identify, it crumbles to dust.
z - 4 potions of degeneration
Found a dagger.
You feel your willpower return.
Menkaure, Prince of Dust comes into view.
Menkaure shouts!
You hear an angry hiss.
Menkaure mumbles some strange words.
Menkaure seems to speed up.
Found a scroll of identify.
Menkaure calls on the powers of darkness!
Your body is wracked with pain!
You hear an angry hiss.
You hit Menkaure.
Menkaure is moderately damaged.
Menkaure barely misses you.
You slash Menkaure!
Menkaure is heavily damaged.
Menkaure hits you!
* * * LOW HITPOINT WARNING * * *
Menkaure barely misses you.
You hit Menkaure.
Menkaure is heavily damaged.
Menkaure hits you!!
You die...

.... #...........##
..).####..........###
....................#
...............#..##
...............##..#
........####..#...##
........## ###..##
....###..## #....##
... ##..####@....# ..
##..#.M.#....# .
##...####...?# ##..#
...... ##M... .....
#...{# ..##. #....#
## .....# .##....


You could see Menkaure (fast).

Vanquished Creatures
  Grinder (D:3)
  4 kobold brigands (Sewer)
  A jelly (D:3)
  A hound (D:3)
  Jessica (D:3)
  Terence (D:3)
  4 gnolls
  9 adders
  3 river rats (Sewer)
  A white imp (D:4)
  11 worms
  3 dart slugs
  2 orcs (D:3)
  3 bats
  7 endoplasms
  5 giant cockroaches
  8 goblins
  7 hobgoblins
  2 jackals (D:1)
  7 quokkas
  3 ball pythons
  A frilled lizard (D:3)
  14 kobolds
  12 rats
111 creatures vanquished.

Vanquished Creatures (collateral kills)
  A goblin (D:4)
1 creature vanquished.

Vanquished Creatures (others)
  16 plants
16 creatures vanquished.

Grand Total: 128 creatures vanquished

Notes
Turn   | Place    | Note
-------+----------+-------------------------------------------
     0 | D:1      | LustLizard the Demonspawn Fighter began the quest for the
                  | Orb.
     0 | D:1      | Reached XP level 1. HP: 18/18 MP: 1/1
   277 | D:1      | Gained mutation: You have a pair of small antennae on your
                  | head. [demonic ancestry]
   277 | D:1      | Reached XP level 2. HP: 17/24 MP: 2/2
   305 | D:1      | Reached XP level 3. HP: 5/29 MP: 3/3
  1342 | D:2      | Reached skill level 1 in Dodging
  1702 | D:2      | Gained mutation: You have a pair of antennae on your head.
                  | [demonic ancestry]
  1702 | D:2      | Reached XP level 4. HP: 28/35 MP: 4/4
  2115 | D:2      | HP: 1/35 [gnoll/+1 halberd of protection (2)]
  2964 | D:3      | Reached skill level 1 in Throwing
  2964 | D:3      | Reached XP level 5. HP: 25/41 MP: 5/5
  3098 | D:3      | Noticed Jessica
  3106 | D:3      | Killed Jessica
  3541 | D:3      | Found a glowing drain.
  3548 | Sewer    | Entered a sewer
  3681 | Sewer    | Reached XP level 6. HP: 35/48 MP: 6/6
  4918 | Sewer    | Gained mutation: A weak demonic guardian rushes to your
                  | aid. [demonic ancestry]
  4918 | Sewer    | Reached XP level 7. HP: 50/54 MP: 7/7
  5500 | D:3      | Noticed Terence
  5517 | D:3      | Killed Terence
  5733 | D:3      | Noticed Grinder
  5750 | D:3      | Paralysed by Grinder for 2 turns
  6100 | D:3      | Killed Grinder
  6547 | D:4      | Noticed Menkaure
  6556 | D:4      | Mangled by Menkaure

Illustrated notes

Levels and vault maps discovered:
D:1:      dpeg_arrival_solitude, layout_loops_ring, serial_glass,
          glass_columns_b, glass_columns_c, st_stairs_1,
          minmay_misc_feat_rugged, corner_web_ring, serial_bayou_pond_c
D:2:      wad_woods_settlement, layout_basic
D:3:      layout_basic, lightli_sewer_entry_pipes, uniq_grinder, uniq_terence,
          uniq_jessica
D:4:      layout_cave_pools, nicolae_hepliaklqana_hazy_memory,
          gammafunk_temple_overflow_arena, nemelex_spade_bored_becter,
          uniq_menkaure

Skill      XL: |  1  2  3  4  5  6  7 |
---------------+----------------------+-----
Long Blades    | 2 3 4 |  4.5
Armour         | 3 |  3.9
Shields        | 3 4 |  4.0
Dodging        | 1 2 |  2.3
Throwing       | 1 2 3 |  3.3
Fighting       | 4 |  4.3

Action                   |  1- 3 |  4- 6 |  7- 9 || total
-------------------------+-------+-------+-------++-------
Melee: Long sword        |   115 |   297 |   147 ||   559
Throw: Dart              |       |    16 |       ||    16
       Stone             |       |     1 |       ||     1
  Use: Scroll            |       |       |     6 ||     6
       Potion            |       |       |     1 ||     1
Armor: Scale mail        |    69 |   128 |    42 ||   239
Dodge: Dodged            |    64 |   123 |    80 ||   267
Block: Buckler           |    23 |    83 |    21 ||   127
